Map: Romanticide LE

Players

Clem - Winner!

  • Race: Terran Terran

Stephano

  • Race: Zerg Zerg

Event: DreamHack SC2 Masters 2021 Winter

VOD

Have the link to the VOD?

Description

Time

  • Played on: Oct. 9, 2021, 11:38 a.m.
  • Length: 12:42

All games in this series

Show
View Real Time Build Order
Export as new Build Order

Clem Terran - Winner!

Build Orders: Reaper Expand 

Get SALT Encoding   

  12  0:00  SCV  
  13  0:12  SCV  
  14  0:16  Supply Depot  
  14  0:24  SCV  
  15  0:38  SCV  
  15  0:40  Barracks  
  16  0:42  Refinery  
  16  0:50  SCV  
  17  1:02  SCV  
  18  1:14  SCV  
  19  1:27  Reaper, Orbital Command  
  20  1:39  Command Center  
  20  1:46  Supply Depot  
  20  1:52  SCV  
  21  1:59  Marine  
  22  2:04  SCV  
  23  2:10  Factory  
  23  2:17  SCV  
  23  2:19  Barracks Reactor  
  24  2:29  SCV  
  25  2:39  Command Center  
  25  2:41  SCV  
  26  2:51  Orbital Command  
  26  2:53  SCV  
  27  3:02  Barracks  
  27  3:04  Barracks Tech Lab  
  27  3:06  SCV  
  27  3:09  Hellion  
  30  3:13  Hellion  
  30  3:17  Refinery  
  30  3:19  SCV  
  33  3:21  SCV  
  33  3:23  Marine  
  33  3:26  Stimpack  
  35  3:32  SCV  
  35  3:33  SCV  
  37  3:41  Marine  
  37  3:44  SCV  
  37  3:45  SCV  
  40  3:50  Starport  
  40  3:51  Orbital Command  
  40  3:54  Marine x2  
  40  3:55  Factory Reactor  
  42  3:56  SCV  
  42  4:00  SCV  
  42  4:02  Supply Depot  
  44  4:03  Marine  
  44  4:08  SCV  
  46  4:12  SCV, Marine x2  
  46  4:16  SCV  
  50  4:20  SCV  
  50  4:23  Marine  
  52  4:24  SCV  
  52  4:25  Supply Depot  
  52  4:28  SCV  
  52  4:30  Marine x2  
  56  4:32  SCV  
  56  4:35  Medivac x2  
  56  4:36  SCV  
  56  4:37  Barracks  
  62  4:39  Refinery  
  62  4:40  Orbital Command  
  62  4:41  Marine  
  62  4:44  SCV  
  62  4:45  Widow Mine  
  66  4:48  SCV  
  66  4:49  Supply Depot, Refinery, Marine  
  66  4:50  Marine  
  69  4:54  Engineering Bay  
  69  4:56  SCV  
  69  4:57  Engineering Bay  
  70  5:00  SCV  
  70  5:02  Marine  
  72  5:07  SCV  
  72  5:09  SCV, Factory Tech Lab  
  72  5:10  Marine x2  
  72  5:12  Supply Depot  
  72  5:13  SCV  
  76  5:14  Combat Shield  
  76  5:19  SCV  
  76  5:20  Marine  
  76  5:21  SCV  
  79  5:23  Medivac  
  79  5:25  SCV  
  79  5:26  Barracks Reactor  
  79  5:28  Supply Depot, Marine  
  83  5:29  Marine  
  83  5:30  Supply Depot  
  83  5:35  SCV  
  88  5:36  Terran Infantry Weapons Level 1  
  88  5:37  SCV  
  88  5:40  Marine, Terran Infantry Armor Level 1  
  87  5:43  Supply Depot, SCV  
  87  5:45  Marine  
  89  5:51  Siege Tank  
  89  5:52  Supply Depot x2  
  89  5:54  SCV, Marine  
  89  5:55  SCV x2  
  96  6:00  Marine  
  96  6:03  Marine x2  
  99  6:05  Supply Depot  
  99  6:09  SCV, Barracks  
  100  6:11  SCV  
  100  6:12  SCV  
  100  6:13  Barracks  
  100  6:17  Supply Depot  
  102  6:19  Marine x2  
  102  6:20  Marine  
  102  6:22  SCV  
  106  6:26  Medivac x2  
  106  6:27  Marine x2  
  106  6:32  SCV, Siege Tank  
  116  6:33  SCV  
  116  6:38  Factory, Refinery  
  117  6:42  Supply Depot  
  117  6:45  SCV, Armory  
  118  6:49  Marine x2  
  118  6:52  Marine x2  
  118  6:53  SCV  
  120  6:57  Marine  
  120  6:59  Medivac x2  
  126  7:03  Barracks Reactor  
  126  7:04  SCV  
  126  7:05  Supply Depot  
  126  7:12  Command Center  
  126  7:13  Marine x2  
  126  7:14  Barracks Reactor  
  126  7:15  Marauder  
  130  7:17  Marine  
  130  7:19  Siege Tank  
  133  7:24  SCV, Marine  
  133  7:26  SCV  
  133  7:31  Marine x2  
  133  7:34  Marine  
  133  7:35  SCV  
  133  7:36  SCV, Marine  
  122  7:39  SCV  
  122  7:41  Factory Reactor, Marine  
  123  7:46  Medivac x2  
  123  7:47  SCV  
  123  7:48  SCV  
  123  7:49  Marine x3  
  131  7:51  SCV, Marine x3  
  131  7:55  Marine  
  136  7:59  SCV  
  136  8:00  SCV  
  136  8:03  Drilling Claws, SCV  
  136  8:04  Command Center  
  138  8:08  Terran Infantry Weapons Level 2  
  138  8:09  Marine  
  138  8:11  SCV  
  138  8:13  SCV, Marine x2  
  138  8:15  SCV  
  138  8:17  Medivac  
  138  8:18  Marine  
  141  8:21  Marine  
  141  8:23  SCV, Marine x2  
  141  8:24  Marine  
  141  8:25  SCV, Marine  
  143  8:27  SCV, Marine  
  143  8:30  Marine  
  144  8:35  SCV  
  144  8:36  Marine x2  
  144  8:37  SCV  
  144  8:40  SCV  
  146  8:42  Widow Mine, Terran Infantry Armor Level 2  
  146  8:45  Medivac, Marine x2  
  147  8:48  Supply Depot  
  147  8:51  Marine x3  
  147  8:52  Marine  
  147  8:53  Widow Mine x2  
  155  8:57  Supply Depot  
  155  8:58  Marauder, Marine  
  155  9:00  Supply Depot  
  155  9:01  Marine  
  153  9:03  Marine  
  153  9:04  Terran Vehicle And Ship Armor Level 1  
  153  9:05  Marine  
  153  9:06  Widow Mine  
  153  9:09  Marine  
  157  9:11  SCV x2  
  157  9:12  SCV  
  157  9:14  Supply Depot  
  157  9:17  Marine x2  
  151  9:19  Marauder, Marine x2  
  151  9:20  Marine  
  157  9:25  Marine  
  157  9:26  Widow Mine x2  
  157  9:27  Medivac x2  
  157  9:28  Marine  
  166  9:32  Marine  
  166  9:34  Marine  
  161  9:41  Marine x2  
  161  9:42  SCV  
  164  9:49  Planetary Fortress  
  166  9:53  Widow Mine  
  166  9:54  Barracks  
  166  9:55  Ghost Academy, Barracks x2  
  166  10:00  SCV  
  166  10:03  Concussive Shells  
  166  10:06  Widow Mine, Marine  
  170  10:07  Marine  
  170  10:08  Marine  
  170  10:09  Widow Mine  
  170  10:10  Liberator  
  177  10:15  Marauder, Marine x2  
  177  10:20  SCV x3  
  177  10:21  Command Center  
  183  10:26  Marine x2  
  183  10:27  Widow Mine  
  183  10:34  Widow Mine, Marine x3  
  183  10:35  Marine  
  173  10:36  Marauder  
  173  10:38  SCV x2, Refinery  
  173  10:39  Refinery  
  173  10:41  SCV  
  178  10:43  SCV  
  178  10:45  Barracks Tech Lab x2, Refinery  
  179  10:53  Marine x2  
  179  10:57  Liberator x2  
  179  10:58  Marauder  
  179  11:02  Marine x3  
  190  11:04  Marine x2  
  190  11:05  SCV  
  190  11:06  Marine  
  190  11:09  Marauder, Marine x2  
  190  11:10  Widow Mine, SCV  
  190  11:11  SCV x2  
  197  11:17  Widow Mine, SCV  
  186  11:19  Marauder  
  186  11:22  SCV  
  186  11:23  SCV  
  190  11:26  Ghost, Marine x2  
  190  11:29  Marine x2  
  190  11:32  Marine, Ghost  
  199  11:36  Marine x2  
  199  11:44  Command Center  
  199  11:45  Sensor Tower  
  199  11:46  Missile Turret  
  190  11:47  Marine  
  190  11:48  Marine  
  190  11:49  Marauder, Marine x4  
  190  11:50  Medivac  
  190  11:52  Widow Mine, Marine  
  169  11:54  Marine x2  
  169  11:56  Marauder  
  169  12:01  Marine  
  154  12:05  Command Center, Marine x2  
  154  12:06  Planetary Fortress, Marine x2  
  154  12:07  Marine x2  
  156  12:09  Sensor Tower  
  156  12:10  Missile Turret, Marine x2  
  156  12:11  SCV  
  156  12:12  Marine x2  
  156  12:13  Widow Mine  
  157  12:16  Widow Mine x2  
  157  12:17  Marine  
  157  12:18  Marine  
  161  12:23  Marine x2  
  161  12:24  Marine  
Show
View Real Time Build Order
Export as new Build Order

Stephano Zerg 

Build Orders: Hatch First 

Get SALT Encoding   

  12  0:00  Drone  
  13  0:12  Overlord  
  13  0:17  Drone  
  14  0:30  Drone x2  
  16  0:47  Hatchery  
  15  0:50  Drone  
  15  0:54  Drone  
  17  0:57  Drone  
  18  1:07  Extractor  
  17  1:13  Spawning Pool  
  17  1:15  Drone  
  17  1:18  Drone  
  18  1:28  Drone  
  19  1:38  Drone  
  20  1:49  Drone  
  21  1:59  Queen  
  21  2:00  Queen  
  21  2:01  Zergling x4  
  27  2:09  Drone  
  27  2:11  Overlord  
  28  2:20  Hatchery  
  28  2:22  Drone  
  28  2:30  Drone  
  28  2:33  Drone x2  
  30  2:39  Queen  
  30  2:42  Drone  
  33  2:46  Overlord  
  33  2:53  Metabolic Boost  
  33  2:56  Drone  
  33  2:57  Drone  
  35  3:04  Drone x2  
  37  3:09  Drone  
  37  3:10  Drone x2  
  40  3:19  Overlord  
  40  3:20  Drone, Queen  
  40  3:26  Drone  
  44  3:31  Queen  
  44  3:32  Queen  
  49  3:34  Drone  
  49  3:36  Drone  
  50  3:42  Drone x4  
  50  3:46  Zergling x4  
  56  3:52  Drone x2  
  58  3:55  Overlord  
  58  4:02  Evolution Chamber  
  57  4:03  Evolution Chamber  
  57  4:05  Drone  
  57  4:07  Drone  
  57  4:08  Overlord  
  58  4:13  Queen  
  58  4:16  Drone x5  
  65  4:25  Queen  
  65  4:26  Overlord  
  65  4:27  Zergling x4  
  65  4:28  Zergling x4  
  65  4:29  Drone  
  72  4:33  Drone  
  72  4:34  Drone  
  74  4:39  Overlord  
  74  4:43  Overlord  
  74  4:46  Drone x2  
  74  4:47  Zerg Ground Armor Level 1, Zerg Melee Weapons Level 1  
  74  4:48  Drone x3  
  74  4:52  Extractor  
  78  4:53  Extractor  
  78  4:55  Drone  
  78  4:56  Drone x2  
  80  5:10  Overlord  
  80  5:13  Zergling x18  
  89  5:16  Hatchery  
  88  5:22  Drone  
  88  5:25  Lair  
  89  5:30  Zergling x14  
  96  5:37  Drone  
  96  5:39  Baneling Nest  
  94  5:43  Overlord  
  94  5:47  Spore Crawler  
  94  5:49  Zergling x4  
  95  5:58  Overlord  
  95  5:59  Drone x6  
  95  6:00  Drone  
  95  6:01  Drone  
  95  6:02  Extractor x2  
  99  6:10  Overlord x3  
  99  6:15  Hatchery  
  99  6:16  Drone  
  99  6:22  Zergling x10  
  103  6:33  Queen  
  103  6:38  Baneling x3  
  103  6:39  Baneling  
  105  6:41  Queen x3  
  105  6:42  Centrifugal Hooks  
  105  6:43  Zerg Melee Weapons Level 2, Zerg Ground Armor Level 2  
  105  6:44  Zergling x2  
  105  6:45  Zergling x12  
  118  6:53  Drone x8  
  123  7:03  Zergling x16  
  131  7:10  Baneling x2  
  131  7:11  Baneling x12  
  131  7:20  Hydralisk Den  
  130  7:25  Zergling x4  
  130  7:26  Zergling x14  
  134  7:32  Zergling x10  
  134  7:33  Zergling x2  
  125  7:46  Zergling x8  
  121  7:52  Muscular Augments  
  121  7:55  Zergling x26  
  133  8:03  Zergling x2  
  133  8:04  Zergling x6  
  137  8:07  Queen  
  138  8:15  Hatchery  
  122  8:21  Hydralisk x10  
  122  8:23  Queen  
  122  8:26  Zergling x2  
  128  8:37  Zergling x16  
  136  8:43  Queen x2  
  136  8:44  Hydralisk x3  
  145  8:52  Zergling x6  
  145  8:53  Zergling x4  
  149  9:05  Overlord x2  
  149  9:06  Overlord  
  149  9:12  Overlord  
  149  9:15  Overlord  
  143  9:18  Overlord  
  143  9:20  Overlord x2  
  143  9:21  Overlord  
  143  9:22  Overlord  
  136  9:31  Overlord  
  136  9:32  Hydralisk x6  
  136  9:33  Hydralisk x4  
  149  9:46  Hydralisk x4  
  149  9:49  Zergling x14  
  164  9:55  Drone x6  
  170  10:01  Baneling x5  
  170  10:06  Zergling x14  
  177  10:09  Grooved Spines  
  177  10:19  Zergling x22  
  187  10:23  Zergling x10  
  187  10:26  Overlord  
  187  10:33  Zergling x10  
  189  10:42  Zergling x20  
  199  10:44  Baneling  
  199  10:45  Baneling x12  
  199  10:48  Baneling x6  
  199  10:49  Baneling  
  199  10:50  Overseer  
  199  11:00  Overlord  
  194  11:11  Zergling x36  
  184  11:21  Zergling x22  
  184  11:25  Pneumatized Carapace, Overseer  
  195  11:27  Overseer  
  195  11:37  Zergling x2  
  195  11:38  Zergling x18  
  195  11:39  Baneling x11  
  198  11:45  Zergling x14  
  156  11:55  Hydralisk x6  
  153  12:01  Zergling x6  
  153  12:06  Hydralisk x4  
  153  12:07  Hydralisk x2  
  158  12:15  Zergling x16  

Tags
 
Add a new tag
Caveats
  • Supply blocks, unpowered buildings, or Contaminate may cause inaccurate times.
  • Supply counts are checked every 10 seconds.